 Dungeon Crawl Stone Soup version 0.27.1-2-g3b301248ec (webtiles) character file.

Game seed: 16060541070266657324

21 Nabbo the Charlatan (level 2, 0/14 HPs)
             Began as a Spriggan Artificer on Sept 24, 2021.
             Slain by a jackal (2 damage)
             ... on level 2 of the Dungeon.
             The game lasted 00:09:47 (2131 turns).

Nabbo the Charlatan (Spriggan Artificer)            Turns: 2131, Time: 00:09:48

Health: 0/14       AC:  2    Str:  8    XL:     2   Next: 62%
Magic:  0/3        EV: 18    Int: 12    God:
Gold:   19         SH:  0    Dex: 15    Spells: 0/1 levels left

rFire    . . .     SeeInvis +   a - +0 club
rCold    . . .     Faith    .   (shield restricted)
rNeg     . . .     Spirit   .   b - +0 robe
rPois    .         Reflect  .   (helmet restricted)
rElec    .         Harm     .   (no cloak)
rCorr    .         Rampage  .   (gloves unavailable)
Will     .....                  (boots unavailable)
Stlth    ++........             (no amulet)
HPRegen  0.04/turn              (no ring)
MPRegen  0.08/turn              (no ring)

@: very quick
A: very small, no large weapons, unfitting armour, see invisible, speed 3
a: no special abilities


You were on level 2 of the Dungeon.
You visited 1 branch of the dungeon, and saw 2 of its levels.

You collected 19 gold pieces.

Inventory:

Hand Weapons
 a - a +0 club (weapon)
 i - a +0 dagger
Missiles
 g - 2 large rocks
 k - 40 sling bullets
 l - 18 poisoned darts
Armour
 b - a +0 robe (worn)
 j - a +0 pair of boots
Wands
 d - a wand of charming (15)
Scrolls
 f - a scroll of teleportation {unknown}
Potions
 h - a potion of brilliance {unknown}
 m - a potion of curing {unknown}
 n - a potion of attraction {unknown}
 o - a potion of cancellation {unknown}
Miscellaneous
 e - a piece from Xom's chessboard (15/15)


   Skills:
 + Level 0.7 Fighting
 + Level 3.6 Dodging
 + Level 1.6 Stealth
 + Level 4.9 Evocations


You couldn't memorise any spells.
You knew the following spells:

 Your Spells              Type           Power      Damage    Failure   Level
a - Foxfire               Conj/Fire      0%         2x1d4     32%         1

Your spell library contained the following spells:

 Spells                   Type           Power      Damage    Failure   Level
 Conjure Flame            Conj/Fire      0%         6-21      69%         3
 Inner Flame              Hex/Fire       0%         N/A       69%         3
 Iskenderun's Battlesphe  Conj           0%         2d6       100%        5
 Iron Shot                Conj/Erth      0%         9d1       100%        6
 Spellforged Servitor     Conj/Summ      0%         N/A       100%        7


Dungeon Overview and Level Annotations

Branches:
Dungeon (2/15)

Altars:


Innate Abilities, Weirdness & Mutations

You are very small and have problems with some larger weapons.
You are too small for most types of armour.
You have supernaturally acute eyesight. (SInv)
You cover ground extremely quickly. (Speed+++)


Message History

You hit the jackal.
The jackal is lightly wounded.
The jackal bites you. The jackal closely misses you.
You closely miss the jackal. The jackal misses you.
The jackal closely misses you.
You hit the jackal but do no damage. The jackal bites you.
You barely miss the jackal. The jackal bites you. The jackal misses you.
Aiming: Throw Flame
Press: ? - help, Q - select action, (/) - cycle Shift-Dir - straight line, f - jackal
Aim: a jackal (67% to hit)
The puff of flame misses the jackal.
The now-empty wand crumbles to dust.
The jackal bites you.
* * * LOW HITPOINT WARNING * * *
The jackal bites you but does no damage.
You barely miss the jackal. The jackal bites you.
* * * LOW HITPOINT WARNING * * *
Okay, then.
Casting: Foxfire (safe; 32% risk of failure)
Press: ? - help, Q - select action, (/) - cycle Dir - look around, f - activate You conjure some foxfire!
The jackal closely misses you.
The jackal bites you but does no damage.
Your foxfire dissipates!
The foxfire hits the jackal.
The jackal is moderately wounded.
The jackal bites you.
* * * LOW HITPOINT WARNING * * *
Casting: Foxfire (safe; 32% risk of failure)
Press: ? - help, Q - select action, (/) - cycle Dir - look around, f - activate You conjure some foxfire!
The jackal closely misses you.
The foxfire hits the jackal.
The jackal is heavily wounded.
The foxfire hits the jackal.
The jackal is almost dead.
Casting: Foxfire (safe; 32% risk of failure)
Press: ? - help, Q - select action, (/) - cycle Dir - look around, f - activate You conjure some foxfire!
The jackal bites you.
You die...

#######
##.###.#
#..##..
######
##.####
......
#..#
...#
####.##
...###
#.....#
......
#...#.#
......
#.vh#.#
......
#..@#.#
......
#..v#..
+##...
+...+..
###
#...##.#
#...# ..
.##
#...#
...
#...#
..##
#...#
...#


You could see a jackal (ally target).

Vanquished Creatures
  A dart slug (D:2)
  2 ball pythons (D:2)
  A giant cockroach (D:2)
  2 goblins (D:1)
  A hobgoblin (D:2)
  5 jackals (D:2)
  A quokka (D:2)
  A bat (D:1)
  A rat (D:1)
15 creatures vanquished.

Vanquished Creatures (others)
  3 foxfires (D:2)
3 creatures vanquished.

Grand Total: 18 creatures vanquished

Notes
Turn   | Place    | Note
-------+----------+-------------------------------------------
     0 | D:1      | Nabbo the Spriggan Artificer began the quest for the Orb.
     0 | D:1      | Reached XP level 1. HP: 9/9 MP: 2/2
   910 | D:2      | Reached XP level 2. HP: 13/14 MP: 3/3
  1607 | D:2      | Found a faded altar of an unknown god.
  1624 | D:2      | Learned a level 1 spell: Foxfire
  2131 | D:2      | Slain by a jackal

Illustrated notes

Levels and vault maps discovered:
D:1:      dpeg_arrival_simpleton_b, layout_loops_ring
D:2:      layout_basic, shapermc_ecumenical_altar_starsandcircs, serial_shops,
          nicolae_lakefront_shop, nicolae_shop_crystal, minivault_25,
          uniq_terence, uniq_natasha

Action                   || total
-------------------------++-------
Melee: Club              ||    59
 Cast: Foxfire           ||     3
Evoke: Wand              ||    15
 Stab: Sleeping          ||     2
Armor: Robe              ||     9
Dodge: Dodged            ||    78
